 Dungeon Crawl Stone Soup version 0.30.0-15-g856e2d3f33 (webtiles) character file.

Game seed: 296260744293149389

79 qw the Chopper (level 4, -3/28 HPs)
             Began as a Gargoyle Fighter on May 20, 2023.
             Slain by Robin
             ... wielding a +3 dagger of flaming
              (4 damage)
             ... on level 2 of the Dungeon.
             The game lasted 00:00:40 (1154 turns).

qw the Chopper (Gargoyle Fighter)                   Turns: 1154, Time: 00:00:40

Health: -3/28      AC: 10    Str: 22    XL:     4   Next: 37%
Magic:  4/4        EV:  9    Int:  8    God:
Gold:   71         SH:  4    Dex:  9    Spells: 3/3 levels left

rFire   . . .        Y - +0 war axe
rCold   . . .        c - +0 buckler
rNeg    + . .        b - +0 scale mail
rPois   inf          (no helmet)
rElec   +            (no cloak)
rCorr   .            (no gloves)
SInv    .            (no boots)
Will    .....        (no amulet) Stlth
                     (no ring)
HPRegen 0.24/turn    (no ring)
MPRegen 0.09/turn

%: no passive effects
@: no status effects
A: sickness immunity, AC +3, negative energy resistance 1, electricity
resistance, torment resistance 1, petrification resistance
a: no special abilities


You were on level 2 of the Dungeon.
You visited 1 branch of the dungeon, and saw 2 of its levels.

You collected 71 gold pieces.


Innate Abilities, Weirdness & Mutations

You are immune to sickness and miasma.
Your stone body is resilient. (AC +3)
You are immune to poison.
You resist negative energy. (rN+)
You are resistant to electric shocks. (rElec)
You are resistant to unholy torment.
You are immune to petrification.


   Skills:
 - Level 3.2 Fighting
 + Level 4.1 Axes
 - Level 3.2 Armour
 - Level 3.2 Shields


You had 3 spell levels left.
You didn't know any spells.
Your spell library was empty.

Inventory:

Hand Weapons
 i - a +0 whip
 Y - a +0 war axe (weapon)
Missiles
 o - a boomerang (quivered)
Armour
 b - a +0 scale mail (worn)
 c - a +0 buckler (worn)
Scrolls
 j - a scroll of enchant weapon {unknown}
 k - 2 scrolls of blinking {unknown}
 n - a scroll of butterflies {unknown}
 q - 2 scrolls of identify
Potions
 a - a potion of mutation {unknown}
 d - a potion of might
 e - a potion of flight {unknown}
 f - a potion of resistance {unknown}
 g - a potion of brilliance {unknown}
 h - a potion of curing {unknown}
 l - a potion of degeneration {unknown}
 m - a potion of invisibility {unknown}
 p - a potion of heal wounds {unknown}

Dungeon Overview and Level Annotations

Branches:
Dungeon (2/15)

Altars:

Annotations:
D:2 Robin


Message History

You closely miss Robin.
Robin is severely wounded.
You barely miss the hobgoblin. You block Robin's attack.
The hobgoblin hits you.
You closely miss Robin.
Robin is severely wounded.
You barely miss the hobgoblin.
Robin hits you with a +3 dagger of flaming.
Robin burns you.
The hobgoblin hits you but does no damage.
Robin hits you but does no damage.
The hobgoblin hits you but does no damage.
You hit Robin.
Robin is almost dead.
You hit the hobgoblin but do no damage.
Robin says, "A pitiful Gargoyle like you will never find the ORB!"
Robin closely misses you.
The hobgoblin hits you but does no damage.
You barely miss Robin.
Robin is almost dead.
You hit the hobgoblin.
Robin roars a battlecry!
The hobgoblin goes into a battle-frenzy!
The hobgoblin completely misses you.
You slash the hobgoblin!
You kill the hobgoblin!
You hit Robin but do no damage. You block Robin's attack.
You closely miss Robin.
Robin is severely wounded.
Robin hits you but does no damage. Robin barely misses you.
You barely miss Robin.
Robin is severely wounded.
Robin hits you but does no damage.
You closely miss Robin.
Robin is severely wounded.
Robin barely misses you.
Robin hits you with a +3 dagger of flaming!
Robin burns you.
You die...

#.##.##.##..# #..####
######.#.......#.# ##.##
...............#.# #..#
.#.............#.###.###
.#.....#...............####
.##.........................
..#....#...............#..##
#.#.##.#.......)#......# .#
#.#............)@)#.#### >.
#..............)g)..# .
##...........#..(..##
#.............#.....
#........ ........).. .
##%.......#.##....?.....
.####### ..%.......#.
#......<.## .......
.#........# #.......#
##..... (#........ #......


You could see Robin.

Vanquished Creatures
  2 adders (D:2)
  A dart slug (D:1)
  2 bats (D:1)
  4 endoplasms
  2 giant cockroaches
  11 goblins
  4 hobgoblins
  10 jackals
  2 quokkas (D:2)
  4 ball pythons
  A frilled lizard (D:1)
  A kobold (D:2)
  6 rats
50 creatures vanquished.

Notes
Turn   | Place    | Note
-------+----------+-------------------------------------------
     0 | D:1      | qw the Gargoyle Fighter began the quest for the Orb.
     0 | D:1      | Reached XP level 1. HP: 14/14 MP: 1/1
     0 | D:1      | 0 ||| qw: Version: 0.2-a-97-g499787f
     0 | D:1      | 0 ||| qw: Game counter: 45
     0 | D:1      | 0 ||| qw: Always use a shield: true
     0 | D:1      | 0 ||| qw: God list: Okawaru
     0 | D:1      | 0 ||| qw: Allow faded altars: false
     0 | D:1      | 0 ||| qw: Do Orc after D:15 true
     0 | D:1      | 0 ||| qw: Do second Lair branch before Depths: true
     0 | D:1      | 0 ||| qw: Lair rune preference: random
     0 | D:1      | 0 ||| qw: Plans: Normal, Zot:1-4, God:TSO, Crypt, Tomb,
                  | Pan, Slime:5, Hells, Abyss, Win
     0 | D:1      | 0 ||| PLANNING D:1-11
    19 | D:1      | Reached skill level 2 in Axes
    98 | D:1      | Reached XP level 2. HP: 19/19 MP: 2/2
   272 | D:1      | 272 ||| Stepping ~*~*~tactically~*~*~ (stealth).
   423 | D:1      | 423 ||| Stepping ~*~*~tactically~*~*~ (stealth).
   427 | D:1      | Reached skill level 3 in Axes
   437 | D:1      | Reached XP level 3. HP: 19/23 MP: 3/3
   463 | D:1      | 463 ||| Stepping ~*~*~tactically~*~*~ (stealth).
   525 | D:1      | 525 ||| READING scroll labelled VEFE KOUGREE.
   694 | D:1      | 694 ||| Stepping ~*~*~tactically~*~*~ (stealth).
   695 | D:1      | 695 ||| READING scroll labelled HABBASCHUPOTE.
   778 | D:1      | 778 ||| READING scroll labelled CEADIO JANTE.
   779 | D:1      | 779 ||| READING scroll labelled OVADGH ECROY.
  1004 | D:2      | 1004 ||| Stepping ~*~*~tactically~*~*~ (stealth).
  1098 | D:2      | Reached XP level 4. HP: 28/28 MP: 4/4
  1135 | D:2      | Noticed Robin
  1140 | D:2      | Reached skill level 4 in Axes
  1148 | D:2      | HP: 7/28 [Robin/+3 dagger of flaming (3)]
  1154 | D:2      | HP: 1/28 [Robin/+3 dagger of flaming (7)]
  1154 | D:2      | Slain by Robin

Levels and vault maps discovered:
D:1:      giann_forest_graveyard, layout_basic, minmay_strange_pillars
D:2:      layout_rooms, uniq_robin

Skill      XL: |  1  2  3  4 |
---------------+-------------+-----
Axes           | 2 3 4 |  4.1
Fighting       | |  3.2
Armour         | |  3.2
Shields        | |  3.2

Action                     |  1- 3 |  4- 6 || total
---------------------------+-------+-------++-------
  Melee: War axe           |    88 |    19 ||   107
  Throw: Boomerang         |     6 |     4 ||    10
    Use: Scroll            |     4 |       ||     4
 Armour: Scale mail        |    42 |    11 ||    53
  Dodge: Dodged            |    45 |    14 ||    59
  Block: Buckler           |    19 |     9 ||    28

Table legend:
 A = Non-vault XP
 B = Vault XP
 C = Vault XP percentage of total XP
 D = Non-vault monster count
 E = Vault monster count
 F = Vault count percentage of total count
                 A         B        C        D         E       F
            +---------+---------+-------+---------+---------+-------
      Total |      91 |      22 |  19.5 |      39 |      11 |  22.0
            +---------+---------+-------+---------+---------+-------
        D:1 |      43 |       0 |   0.0 |      25 |       0 |   0.0
        D:2 |      48 |      22 |  31.4 |      14 |      11 |  44.0
            +---------+---------+-------+---------+---------+-------
